 Dungeon Crawl Stone Soup version 0.31-a0-1388-g4b2ba238e7 (webtiles) character file.

Game seed: 8933927869658166799

2774 croobank the Sneak (level 9, -20/69 HPs)
             Began as a Demigod Fire Elementalist on Dec 24, 2023.
             Engulfed by a cloud of flame (33 damage)
             ... on level 6 of the Dungeon.
             The game lasted 00:17:08 (9007 turns).

croobank the Sneak (Demigod Fire Elementalist)      Turns: 9007, Time: 00:17:09

Health: -20/69     AC:  3    Str: 12    XL:     9   Next: 19%
Magic:  16/19      EV: 29    Int: 31    God:
Gold:   310        SH:  0    Dex: 14    Spells: 6/16 levels left

rFire   . . .        a - +6 falchion "Iwnimay" {elec, Str+3 Int+2}
rCold   . . .        (no shield)
rNeg    . . .        k - +0 robe
rPois   .            (no helmet)
rElec   .            (no cloak)
rCorr   .            j - +0 pair of gloves
SInv    .            (no boots)
Will    .....        r - amulet of the acrobat
Stlth   +++          (no ring)
HPRegen 0.31/turn    (no ring)
MPRegen 0.16/turn

%: acrobat
@: acrobatic
A: high MP 1, forlorn, divine attributes
a: no special abilities


You were on level 6 of the Dungeon.
You visited 1 branch of the dungeon, and saw 7 of its levels.
You also visited: Sewer.

You collected 380 gold pieces.
You spent 70 gold pieces at shops.

Inventory:

Hand Weapons
 a - the +6 falchion "Iwnimay" (weapon) {elec, Str+3 Int+2}
   (You found it on level 5 of the Dungeon)

   Str+3:     It affects your strength (+3).
   Int+2:     It affects your intelligence (+2).
 b - a +0 sling
 d - a +0 spear
 e - a +0 whip
 g - a +0 short sword
 F - a +0 trident
 G - a +3 dagger of venom
Missiles
 f - 4 darts of dispersal
 s - 18 poisoned darts
Armour
 i - a +0 ring mail
 j - a +0 pair of gloves (worn)
 k - a +0 robe (worn)
 m - a +0 leather armour
 u - an orb of guile
 E - a +2 ring mail of cold resistance
Jewellery
 r - an amulet of the acrobat (around neck)
 z - a ring of magical power
Scrolls
 l - a scroll of revelation
 v - 2 scrolls of noise {unknown}
 w - 3 scrolls of immolation {unknown}
 x - 2 scrolls of vulnerability {unknown}
 y - 3 scrolls of blinking {unknown}
 A - 2 scrolls of fear {unknown}
 C - a scroll of poison
 I - 2 scrolls of amnesia {unknown}
 J - a scroll of identify
Potions
 c - a potion of attraction
 h - a potion of berserk rage {unknown}
 n - 5 potions of heal wounds
 o - a potion of haste {unknown}
 p - a potion of cancellation {unknown}
 q - 4 potions of curing
 t - 2 potions of brilliance {unknown}
 B - a potion of ambrosia {unknown}
 D - a potion of magic
 H - a potion of lignification {unknown}
 K - 2 potions of might {unknown}
 L - a potion of degeneration {unknown}


   Skills:
 + Level 3.0 Fighting
 + Level 2.0 Short Blades
 + Level 4.9 Dodging
 + Level 5.3 Stealth
 + Level 4.4 Spellcasting
 + Level 4.7 Conjurations
 + Level 4.0 Hexes
 + Level 5.2 Fire Magic


You had 6 spell levels left.
You knew the following spells:

 Your Spells              Type           Power      Damage    Failure   Level
a - Foxfire               Conj/Fire      100%       2x1d9     1%          1
b - Scorch                Fire           78%        2d8       1%          2
c - Inner Flame           Hex/Fire       35%        N/A       2%          3
d - Flame Wave            Conj/Fire      37%        2d10      8%          4

Your spell library contained the following spells:

 Spells                   Type           Power      Damage    Failure   Level
 Slow                     Hex            100%       N/A       1%          1
 Confusing Touch          Hex            31%        N/A       3%          3
 Sigil of Binding         Hex            31%        N/A       3%          3
 Volatile Blastmotes      Fire/Tloc      46%        2d13      6%          3
 Cigotuvi's Dreadful Rot  Necr/Alch/Air  12%        N/A       9%          2
 Lesser Beckoning         Tloc           12%        N/A       9%          2
 Call Canine Familiar     Summ           6%         N/A       17%         3
 Fugue of the Fallen      Necr           6%         N/A       17%         3
 Gell's Gravitas          Tloc           6%         N/A       17%         3
 Ozocubu's Armour         Ice            6%         N/A       17%         3
 Teleport Other           Tloc           6%         N/A       17%         3
 Vampiric Draining        Necr           6%         2d6       17%         3
 Ignite Poison            Fire/Alch      23%        N/A       21%         4
 Fireball                 Conj/Fire      18%        3d9       21%         5
 Dimensional Bullseye     Hex/Tloc       9%         N/A       26%         4
 Animate Armour           Summ/Erth      12%        N/A       50%         4
 Manifold Assault         Tloc           6%         N/A       50%         4
 Summon Lightning Spire   Summ/Air       6%         N/A       50%         4
 Irradiate                Conj/Alch      10%        3d15      52%         5
 Borgnjor's Vile Clutch   Necr/Erth      3%         N/A       85%         5
 Lee's Rapid Deconstruct  Erth           3%         3d5*      85%         5
 Summon Cactus Giant      Summ           3%         N/A       100%        6
 Borgnjor's Revivificati  Necr           3%         N/A       100%        8
 Ignition                 Fire           19%        3d7       100%        8


Dungeon Overview and Level Annotations

Branches:
Dungeon (7/15)             Temple (0/1) D:6           Sewer (visited)

Shops:
D:1 !

Portals:
Abyss: D:4

Annotations:
D:4 2 transporters, Akett's ghost, amateur OnAE


Innate Abilities, Weirdness & Mutations

You have an increased reservoir of magic. (+10% MP)
You shall have no god before yourself.
Your divine heritage dramatically boosts your attributes as you level up.


Message History

L - a golden potion
Things that are here:
a +0 trident; a +0 leather armour; a +0 hand axe
Things that are here:
a +0 dagger of electrocution; a +0 robe
Things that are here:
a +0 dagger; a +0 robe; an orc corpse
There is a stone staircase leading down here.
You see here a scroll labelled GUADOI NAMIUH.
The yak bellows! x2
The yak completely misses you. The yak completely misses you. x2
There is an escape hatch in the ceiling, spattered with blood here.
The yak barely misses you. The yak gores you! x2
A mysterious force pulls you upwards. The hatch slams shut behind you.
The yak attacks as it pursues you! The yak misses you.
The yak completely misses you. The yak gores you!
The yak attacks as it pursues you! The yak barely misses you.
Casting: Scorch (safe; 1% risk of failure)
Confirm with . or Enter, or press ? or * to list all spells.
Aiming: Inner Flame (dangerous; 2% risk of failure)
Press: ? - help, Dir - move target, f - yak
Aim: a yak (chance to affect: 87%)
The yak is filled with an inner flame.
The yak misses you. The yak completely misses you.
Casting: Inner Flame (dangerous; 2% risk of failure)
Confirm with . or Enter, or press ? or * to list all spells.
Okay, then.
The yak attacks as it pursues you! The yak closely misses you.
You hit the yak.
Flame seeps out of the yak.
The yak is lightly wounded.
The yak is engulfed in blazing flames.
Flame seeps out of the yak.
The yak gores you but does no damage.
The yak is engulfed in blazing flames.
Flame seeps out of the yak.
You hit the yak.
The yak explodes!
The fiery explosion engulfs you!!
* * * LOW HITPOINT WARNING * * *
You are engulfed in blazing flames.
You die...

.# #####.# .# #.....# .#
######.....######## .#
#....÷............# .#
#............####.### .#
#.####Y......##.....# .#
#...##Y###.####.#.#.# .##
#.#.##°# #.# #.#.#.# ..# #...@§§#
#.# #.#.#.# #.# ###.######'##
#.#.... #.# #.# ##...###.###.#
#.# ####.# ##.....##.###.# #.#
#####.##.###.......#......
#.######......#.##.........####..
.................'.........+.....
#.######......####.........####..
#.# ##.##.## ##.......## ##.


There were no monsters in sight!

Vanquished Creatures
  Sigmund (D:4)
  Eustachio (D:5)
  3 yaks (D:6)
  A steam dragon (D:6)
  2 water moccasins
  4 ogres
  A crocodile (Sewer)
  2 phantoms (D:5)
  A centaur (D:6)
  2 bullfrogs (D:6)
  3 scorpions
  A howler monkey (D:6)
  2 bombardier beetles
  4 jellies
  3 hounds
  Jessica (D:3)
  A sleepcap (D:5)
  5 iguanas
  4 orc wizards
  14 adders
  3 river rats (D:4)
  2 shadow imps
  2 white imps
  7 worms
  A dart slug (D:5)
  5 orcs
  4 bats
  6 endoplasms
  3 giant cockroaches
  5 goblins
  4 hobgoblins
  12 jackals
  4 quokkas
  5 ball pythons
  13 kobolds
  2 rats
  A spectral kobold (D:3)
135 creatures vanquished.

Vanquished Creatures (collateral kills)
  An iguana (D:4)
  An endoplasm (D:4)
2 creatures vanquished.

Vanquished Creatures (others)
  A howler monkey (D:6)
  315 foxfires
316 creatures vanquished.

Grand Total: 453 creatures vanquished

Notes
Turn   | Place    | Note
-------+----------+-------------------------------------------
     0 | D:1      | croobank the Demigod Fire Elementalist began the quest for
                  | the Orb.
     0 | D:1      | Reached XP level 1. HP: 14/14 MP: 5/5
   218 | D:1      | Reached skill level 1 in Conjurations
   608 | D:1      | Reached XP level 2. HP: 16/20 MP: 4/7
   611 | D:1      | Learned a level 2 spell: Scorch
  1543 | D:1      | Found Wiqel's Distillery.
  1612 | D:1      | Bought a potion of heal wounds for 70 gold pieces
  1855 | D:2      | Reached XP level 3. HP: 21/26 MP: 3/8
  2719 | D:2      | Learned a level 3 spell: Inner Flame
  2871 | D:3      | Reached XP level 4. HP: 33/33 MP: 4/10
  3759 | D:3      | Reached XP level 5. HP: 38/38 MP: 8/11
  3877 | D:3      | Noticed Jessica
  3882 | D:3      | Killed Jessica
  3996 | D:4      | Reached skill level 1 in Hexes
  4015 | D:4      | Noticed an ogre
  4026 | D:4      | Killed an ogre
  4027 | D:4      | Reached XP level 6. HP: 15/45 MP: 0/13
  4213 | D:4      | Found a glowing drain.
  4220 | Sewer    | Entered a sewer
  4673 | D:4      | Noticed Sigmund
  4681 | D:4      | Killed Sigmund
  4682 | D:4      | Reached XP level 7. HP: 38/50 MP: 7/14
  5242 | D:4      | Found a transporter.
  5242 | D:4      | Noticed a small abomination
  5308 | D:4      | Noticed Akett's ghost (amateur OnAE)
  5346 | D:4      | Found a transporter.
  5347 | D:4      | Found a one-way gate to the infinite horrors of the Abyss.
  5716 | D:5      | Entered Level 5 of the Dungeon
  6042 | D:5      | Got Sif Muna's Spellbook of Phlogiston
  6045 | D:5      | Got Sif Muna's Directory of the Charnel Gift
  6087 | D:5      | Learned a level 4 spell: Flame Wave
  6175 | D:5      | Reached skill level 1 in Fighting
  6245 | D:5      | Noticed Eustachio
  6298 | D:5      | Killed Eustachio
  6299 | D:5      | Reached XP level 8. HP: 59/59 MP: 4/16
  6495 | D:5      | Identified the +6 falchion "Iwnimay" {elec, Str+3 Int+2}
  6863 | D:5      | Identified the +11 dagger "Qyanoe" {freeze, rF- rC++ rN+++
                  | MP-9}
  7350 | D:6      | Found a staircase to the Ecumenical Temple.
  7473 | D:6      | Reached skill level 1 in Short Blades
  7699 | D:6      | Reached skill level 5 in Stealth
  7699 | D:6      | Reached skill level 5 in Fire Magic
  8560 | D:6      | Reached XP level 9. HP: 35/68 MP: 7/18
  9007 | D:6      | Engulfed by a cloud of flame

Illustrated notes

Levels and vault maps discovered:
D:1:      mrwooster_arrival_statue, layout_basic, serial_shops,
          nicolae_lakefront_shop
D:2:      layout_basic, chequers_serial_rivers_large_b, minmay_unequal
D:3:      layout_loops_cross, dreamdust_ecumenical_altar_drowned_temple,
          kennysheep_jessica_study, uniq_jessica
D:4:      layout_cave_pools, nicolae_overflow_hallway_of_the_gods,
          nicolae_dithmenos_the_darkroom, lightli_sewer_entry_pipes,
          gammafunk_ghost_abyssal_escape, uniq_sigmund
D:5:      layout_cave_pools, grunt_qazlal_clouds, roderic_lattice_a,
          serial_library_regret_index_headful, uniq_eustachio
D:6:      layout_loops_corners, temple_doors_e
D:7:      layout_basic

Skill      XL: |  1  2  3  4  5  6  7  8  9 |
---------------+----------------------------+-----
Conjurations   | 1 2 3 4 |  4.7
Stealth        | 2 3 4 5 |  5.3
Dodging        | 2 3 4 |  4.9
Spellcasting   | 2 3 4 |  4.4
Fire Magic     | 3 4 5 |  5.2
Hexes          | 1 2 3 4 |  4.0
Fighting       | 1 2 3 |  3.0
Short Blades   | 1 2 |  2.0

Action                     |  1- 3 |  4- 6 |  7- 9 || total
---------------------------+-------+-------+-------++-------
  Melee: Spear             |     3 |       |       ||     3
         Unarmed           |     1 |       |       ||     1
         Dagger            |     5 |       |       ||     5
         Falchion          |       |       |    14 ||    14
   Fire: Sling             |    38 |    37 |    48 ||   123
   Cast: Foxfire           |    40 |    32 |   113 ||   185
         Scorch            |    19 |    32 |    65 ||   116
         Inner Flame       |       |       |     2 ||     2
    Use: Scroll            |       |     7 |     3 ||    10
         Potion            |       |     2 |     1 ||     3
   Stab: Sleeping          |       |       |     1 ||     1
 Armour: Robe              |    14 |    22 |    34 ||    70
  Dodge: Dodged            |    21 |    29 |    49 ||    99

Table legend: (Time is in decaauts)
 A = Elapsed time spent in this place.
 B = Non-inter-level travel time spent in this place.
 C = Inter-level travel time spent in this place.
 D = Time resting spent in this place.
 E = Time spent auto-exploring this place.
 F = Levels seen in this place.
 G = Mean time per level.
                   A        B        C        D        E       F      G
               +--------+--------+--------+--------+--------+-----+--------+
         Total |   9140 |   8872 |    268 |   2198 |   5328 |   8 | 1142.5 |
       Dungeon |   8708 |   8440 |    268 |   1913 |   5328 |   7 | 1244.0 |
         Sewer |    431 |    431 |      0 |    285 |      0 |   1 |  431.0 |
               +--------+--------+--------+--------+--------+-----+--------+

Top non-repeatable levels by time:
     D:6: 1649 daAuts
     D:1: 1645 daAuts
     D:5: 1394 daAuts
     D:3: 1389 daAuts
     D:4: 1248 daAuts
     D:2: 1116 daAuts
   Sewer: 431 daAuts
     D:7: 263 daAuts
